 Dungeon Crawl Stone Soup version 0.21.1-1-g345015f (webtiles) character file.

42 inc the Chiller (level 3, 0/21 HPs)
             Began as an Octopode Ice Elementalist on June 16, 2018.
             Slain by a howler monkey (6 damage)
             ... on level 3 of the Dungeon.
             The game lasted 00:03:19 (2171 turns).

inc the Chiller (Octopode Ice Elementalist)         Turns: 2171, Time: 00:03:20

Health: 0/21       AC:  1    Str:  7    XL:     3   Next: 54%
Magic:  0/6        EV: 10    Int: 17    God:    Xom [..*...]
Gold:   99         SH:  0    Dex: 13    Spells: 2/6 levels left

rFire    . . .     SeeInvis .   (no weapon)
rCold    . . .     Gourm    .   (no shield)
rNeg     . . .     Faith    .   (helmet restricted)
rPois    .         Spirit   .   (no amulet)
rElec    .         Reflect  .   n - -3 ring of evasion
rCorr    .         Harm     .   (no ring)
MR       .....                  (no ring)
Stlth    +++.......             (no ring)
HPRegen  0.07/turn              (no ring)
MPRegen  0.10/turn              (no ring)
                                (no ring)
                                (no ring)

@: no status effects
A: almost no armour, stealthy swim, amphibious, 8 rings, constrict 8, camouflage
1, gelatinous body 1
a: Renounce Religion


You were on level 3 of the Dungeon.
You worshipped Xom.
You were a toy of Xom.
You were very hungry.

You visited 1 branch of the dungeon, and saw 3 of its levels.

You collected 99 gold pieces.

Inventory:

Missiles
 d - 5 curare-tipped needles
 i - 7 poisoned needles
Jewellery
 n - a -3 ring of evasion (left tentacle)
Scrolls
 c - a scroll of enchant weapon {unknown}
 e - a scroll of random uselessness {unknown}
 g - a scroll of noise {unknown}
 l - 2 scrolls of immolation {unknown}
 m - 3 scrolls of remove curse
 p - 2 scrolls of blinking {unknown}
Potions
 f - 2 potions of heal wounds {unknown}
 h - a potion of mutation
 j - a potion of cancellation
 k - 2 potions of magic
 o - a potion of lignification
Books
 a - a book of Frost

   Spells                             Type                      Level
   a - Freeze                         Ice                          1
   b - Throw Frost                    Conjuration/Ice              2
   c - Ozocubu's Armour               Charms/Ice                   3
   d - Throw Icicle                   Conjuration/Ice              4
   e - Summon Ice Beast               Ice/Summoning                4
Comestibles
 b - 4 rations


   Skills:
 - Level 2.0 Dodging
 - Level 2.6 Stealth
 - Level 0.4 Unarmed Combat
 + Level 2.1 Spellcasting
   Level 1.0 Conjurations
 - Level 0.4 Charms
 - Level 4.2 Ice Magic


You had 2 spell levels left.
You knew the following spells:

 Your Spells              Type           Power        Failure   Level  Hunger
a - Freeze                Ice            ###.         3%          1    #......
b - Ozocubu's Armour      Chrm/Ice       #.......     22%         3    ###....


Dungeon Overview and Level Annotations

Branches:
Dungeon (3/15)

Altars:
Wu Jian
Xom


Innate Abilities, Weirdness & Mutations

You cannot wear most types of armour.
You are very stealthy in the water. (Stealth+)
You are amphibious.
You can wear up to eight rings at the same time.
You can use your tentacles to constrict eight enemies at once.
Your skin changes colour to match your surroundings (Stealth+).
Your rubbery body absorbs attacks. (AC +1, EV +1)


Message History

The howler monkey is almost dead.
The howler monkey hits you. x2
* * * LOW HITPOINT WARNING * * *
Casting: Freeze
Confirm with . or Enter, or press ? or * to list all spells.
You don't have enough magic to cast that spell.
Unknown command.
Casting: Freeze
Confirm with . or Enter, or press ? or * to list all spells.
You don't have enough magic to cast that spell.
Unknown command.
You tentacle-slap the howler monkey. You grab the howler monkey.
You squeeze the howler monkey, but do no damage.
The howler monkey is almost dead.
You constrict the howler monkey. The howler monkey closely misses you.
You tentacle-slap the howler monkey but do no damage.
The howler monkey is almost dead.
You constrict the howler monkey. The howler monkey hits you.
You die... "It was about time."

##...###...8...8 ..#
....#..############.##
#####..#...########.....
#......#......#...#....###
............#............#
#.###.#.....# #...#......#
#.# #.#.....#
#...#......#####. #.#
#.##.##.# #..h#....<.......
#.#
#.##.##...#.@.#....######## #
#.#
#.##..#####...#..............
#.#
#.............#..........###.
#.#
#####..#####..#.#.######...#.
#.#
#..........#.#.......##.#.
#.#
#.#..####..#.#.......##.#.
#.# #.##.# #..#..............
#.# #.##.##
#..#<#.......###..
#.######.##..###.##.#.#######
#..


You could see a howler monkey.

Vanquished Creatures
  An ooze (D:1)
  A worm (D:3)
  A dart slug (D:2)
  4 bats
  3 giant cockroaches
  4 goblins
  5 hobgoblins
  A ball python (D:2)
  3 frilled lizards
  2 kobolds (D:1)
  8 rats
33 creatures vanquished.

Notes
Turn   | Place    | Note
-------+----------+-------------------------------------------
     0 | D:1      | inc the Octopode Ice Elementalist began the quest for the Orb.
     0 | D:1      | Reached XP level 1. HP: 11/11 MP: 3/3
   241 | D:1      | Reached XP level 2. HP: 17/17 MP: 3/5
   892 | D:2      | Reached skill level 4 in Ice Magic
   895 | D:2      | Reached XP level 3. HP: 21/21 MP: 2/6
  1426 | D:2      | Found an ornate altar of the Wu Jian Council.
  1626 | D:2      | Found a shimmering altar of Xom.
  1628 | D:2      | Found an opulent altar of Gozag.
  1628 | D:2      | Found a radiant altar of Vehumet.
  1632 | D:2      | Found an ornate altar of the Wu Jian Council.
  1632 | D:2      | Found a sacrificial altar of Ru.
  1632 | D:2      | Found a bloodstained altar of Trog.
  1679 | D:2      | Became a worshipper of Xom of Chaos
  1731 | D:3      | Learned a level 3 spell: Ozocubu's Armour
  1753 | D:3      | XOM: silly message
  2171 | D:3      | Slain by a howler monkey

Skill      XL: |  1  2 |
---------------+-------+-----
Ice Magic      | 4 |  4.2
Dodging        | |  2.0
Stealth        | |  2.6
Unarmed Combat | |  0.4
Spellcasting   | |  2.1
Conjurations   | |  1.0
Charms         | |  0.4

Action                   || total
-------------------------++-------
Melee: Unarmed           ||     9
       Tentacles         ||     3
       Constrict         ||     3
 Cast: Freeze            ||    56
  Use: Scroll            ||     5
  Eat: Chunk             ||     3
Armor: Skin              ||     5
Dodge: Dodged            ||    28
